 Dungeon Crawl Stone Soup version 0.21-a0-39-g28ea6b7 (console) character file.

334 nht the Chopper (level 6, -7/47 HPs)
             Began as a Formicid Fighter on May 31, 2017.
             Engulfed by a cloud of flame (12 damage)
             ... on level 3 of the Dungeon.
             The game lasted 00:02:51 (1492 turns).

nht the Chopper (Formicid Fighter)                  Turns: 1492, Time: 00:02:51

Health: -7/47      AC: 12    Str: 23    XL:     6   Next: 83%
Magic:  6/6        EV:  8    Int:  7    God:
Gold:   103        SH:  9    Dex: 10    Spells: 5/5 levels left

rFire    . . .     SeeInvis +   a - +0 war axe
rCold    . . .     Gourm    .   c - +0 shield
rNeg     . . .     Faith    .   o - +0 scale mail
rPois    .         Spirit   .   (helmet unavailable)
rElec    .         Reflect  .   (no cloak)
rCorr    .         Harm     .   n - +1 pair of gloves
MR       .....                  (no boots)
Stlth    ..........             (no amulet)
Regen    0.2/turn               p - +3 ring of protection
MPRegen  0.1/turn               w - ring of wizardry

@: no status effects
A: permanent stasis, dig shafts and tunnels, four strong arms, antennae 3
a: Dig, Shaft Self


You were on level 3 of the Dungeon.
You were not hungry.

You visited 1 branch of the dungeon, and saw 3 of its levels.

You collected 103 gold pieces.

Inventory:

Hand Weapons
 a - a +0 war axe (weapon)
Armour
 c - a +0 shield (worn)
 n - a +1 pair of gloves (worn)
 o - a +0 scale mail (worn)
Jewellery
 p - a +3 ring of protection (left hand)
 w - a ring of wizardry (right hand)
 x - a +5 ring of strength {unknown}
Wands
 t - a wand of random effects (23/48)
Scrolls
 i - 2 scrolls of teleportation
 j - a scroll of remove curse
 q - 3 scrolls of immolation
Potions
 b - a potion of mutation
 g - a potion of degeneration
 h - a potion of curing
 s - a potion of haste {unknown}
 u - a potion of heal wounds {unknown}
 v - 2 potions of resistance {unknown}
 z - a potion of lignification {unknown}
 A - 2 potions of agility {unknown}
Comestibles
 d - 6 chunks of flesh
 f - 4 bread rations
 k - 4 fruits
 r - a meat ration
 B - a royal jelly


   Skills:
 - Level 3.2 Fighting
 + Level 6.7 Axes
 - Level 3.2 Armour
 - Level 3.6 Shields


You had 5 spell levels left.
You didn't know any spells.

Dungeon Overview and Level Annotations

Branches:
Dungeon (3/15)

Altars:
Qazlal
Xom


Innate Abilities, Weirdness & Mutations

You cannot be hasted, slowed, berserked, paralysed or teleported.
You can dig through walls and to a lower floor.
Your four strong arms can wield two-handed weapons with a shield.
You have a pair of large antennae on your head. (SInv)


Message History

You block the bat's attack. You block the jackal's attack.
Your shield and scale mail prevent you from hitting the jackal.
You hit the bat. The bat closely misses you.
The jackal barely misses itself.
The jackal closely misses the kobold.
You catch the helpless jackal completely off-guard!
You slash the jackal!
The jackal explodes!
The fiery explosion engulfs the kobold.
The kobold explodes!
The fiery explosion engulfs the ogre.
The ogre explodes!
The fiery explosion engulfs the jackal.
The jackal explodes!
The fiery explosion engulfs the jackal.
The jackal explodes!
You feel a bit more experienced. The fiery explosion engulfs you!
Ouch! That really hurt!
* * * LOW HITPOINT WARNING * * *
You are engulfed in blazing flames.
You die...

..........█ █..)).....
.........>█ ██.).█..███
.......... █.████.)......█
.........█████
█..........██.██ █.....K....
......██...██..█ █......█
█████.....████.. █.%....██████
█.......██ ██.
█.........§§████.......███ █.
█....h.████§§@...........█████
████..█.§§§███................
██...§.{███.█.b....███..███
██.........█.......███.███
█......████...........██.
██.>..██ █......███.....
█....█ █......█ ██..█. █....█


████████ ██... █....█ ███. You could see a bat.

Vanquished Creatures
  An ogre (D:3)
  An orc priest (D:3)
  Jessica (D:3)
  3 orc wizards (D:3)
  3 gnolls (D:3)
  3 adders
  An ooze (D:3)
  2 worms (D:2)
  3 dart slugs (D:2)
  6 orcs (D:3)
  A ball python (D:1)
  2 giant cockroaches
  A goblin (D:2)
  4 jackals (D:3)
  3 kobolds
  3 bats
  5 frilled lizards
  6 rats
49 creatures vanquished.

Notes
Turn   | Place    | Note
-------+----------+-------------------------------------------
     0 | D:1      | nht the Formicid Fighter began the quest for the Orb.
     0 | D:1      | Reached XP level 1. HP: 18/18 MP: 1/1
   272 | D:1      | Reached XP level 2. HP: 22/24 MP: 2/2
   506 | D:2      | Found a shimmering altar of Xom.
   525 | D:2      | Reached skill level 3 in Axes
   544 | D:2      | Reached XP level 3. HP: 18/29 MP: 3/3
   778 | D:2      | Found a stormy altar of Qazlal.
   979 | D:2      | Reached XP level 4. HP: 35/35 MP: 4/4
  1030 | D:3      | Reached skill level 4 in Axes
  1061 | D:3      | Noticed Jessica
  1068 | D:3      | Reached XP level 5. HP: 22/41 MP: 5/5
  1076 | D:3      | Reached skill level 5 in Axes
  1084 | D:3      | Killed Jessica
  1347 | D:3      | Reached XP level 6. HP: 46/47 MP: 6/6
  1352 | D:3      | Reached skill level 6 in Axes
  1462 | D:3      | Noticed an ogre
  1492 | D:3      | Killed an ogre
  1492 | D:3      | Engulfed by a cloud of flame

Vault maps used:
D:1:      dpeg_arrival_long_road
D:2:      xom_butterflies, nicolae_qazlal_general_emergency, first_bread,
          kennysheep_generic_room_3
D:3:      amethyst_overflow_temple_binary, uniq_jessica

Skill      XL: |  1  2  3  4  5  6 |
---------------+-------------------+-----
Axes           | 3 4 5 6 |  6.7
Fighting       | |  3.2
Armour         | |  3.2
Shields        | |  3.6

Action                   |  1- 3 |  4- 6 || total
-------------------------+-------+-------++-------
Melee: War axe           |    72 |    58 ||   130
Evoke: Wand              |       |     7 ||     7
  Use: Potion            |       |     2 ||     2
       Scroll            |       |     8 ||     8
 Stab: Confused          |       |     1 ||     1
  Eat: Chunk             |       |     2 ||     2
Armor: Scale mail        |    32 |    35 ||    67
Dodge: Dodged            |    21 |    20 ||    41
Block: Shield            |    36 |    42 ||    78
